 Dungeon Crawl Stone Soup version 0.20-a0-972-gb9bd3e6 (webtiles) character file.

575 nikopol the Magician (level 7, 0/36 HPs)
             Began as a Deep Elf Fire Elementalist on Apr 9, 2017.
             Slain by Ijyb
             ... wielding a +7 club
              (7 damage)
             ... on level 4 of the Dungeon.
             The game lasted 00:21:35 (6019 turns).

nikopol the Magician (Deep Elf Fire Elementalist)   Turns: 6019, Time: 00:21:36

Health: 0/36       AC:  6    Str:  5    XL:     7   Next: 12%
Magic:  16/17      EV: 13    Int: 22    God:
Gold:   155        SH:  0    Dex: 15    Spells: 6/17 levels left

rFire    . . .     SeeInvis .   n - +0 dagger
rCold    . . .     Gourm    .   (no shield)
rNeg     . . .     Faith    .   a - +0 robe
rPois    .         Spirit   .   q - +0 helmet
rElec    .         Reflect  .   t - +2 cloak
rCorr    .         Harm     .   (no gloves)
MR       .....                  (no boots)
Stlth    +.........             (no amulet)
Regen    0.2/turn               (no ring)
MPRegen  0.2/turn               (no ring)

@: confused
A: no striking features
a: no special abilities


You were on level 4 of the Dungeon.
You were hungry.

You visited 2 branches of the dungeon, and saw 5 of its levels.

You collected 155 gold pieces.

Inventory:

Hand Weapons
 n - a +0 dagger (weapon)
Armour
 a - a +0 robe (worn)
 q - a +0 helmet (worn)
 t - a +2 cloak (worn)
Jewellery
 d - an uncursed amulet of faith {unknown}
 r - an uncursed amulet of magic regeneration {unknown}
Scrolls
 e - a scroll of enchant armour {unknown}
 i - 4 scrolls of teleportation {unknown}
 k - 2 scrolls of remove curse
 l - a scroll of identify {unknown}
 o - a scroll of magic mapping {unknown}
 s - a scroll of immolation
 w - a scroll of recharging {unknown}
Potions
 h - 3 potions of heal wounds {unknown}
 j - a potion of flight {unknown}
 m - 3 potions of mutation {unknown}
 p - a potion of ambrosia {unknown}
 u - a potion of haste {unknown}
 x - a potion of curing {unknown}
Books
 b - a book of Flames

   Spells                             Type                      Level
   a - Flame Tongue                   Conjuration/Fire             1
   b - Throw Flame                    Conjuration/Fire             2
   c - Conjure Flame                  Conjuration/Fire             3
   d - Inner Flame                    Hexes/Fire                   3
   e - Sticky Flame                   Conjuration/Fire             4
   f - Fireball                       Conjuration/Fire             5
Comestibles
 c - 4 bread rations
 f - 4 meat rations
 g - 2 fruits
 z - a royal jelly


   Skills:
 + Level 3.3 Dodging
 + Level 3.3 Stealth
 + Level 5.9 Spellcasting
 + Level 4.2 Conjurations
 + Level 5.9 Fire Magic


You had 6 spell levels left.
You knew the following spells:

 Your Spells              Type           Power        Failure   Level  Hunger
a - Flame Tongue          Conj/Fire      ####.        1%          1    None
b - Throw Flame           Conj/Fire      ####..       1%          2    None
c - Conjure Flame         Conj/Fire      ####....     3%          3    #......
f - Fireball              Conj/Fire      ####......   34%         5    #####..


Dungeon Overview and Level Annotations

Branches:
Dungeon (4/15)             Temple (1/1) D:4

Altars:
Ashenzari
Cheibriados
Elyvilon
Fedhas
Hepliaklqana
Makhleb
Nemelex Xobeh
Okawaru
Ru
Uskayaw
Xom
Yredelemnul
Zin
Lugonu

Annotations:
D:4 Ijyb


Message History

Aim: Ijyb, wielding an enchanted club, wearing a leather armour and carrying a wand of confusion (?/48) {zapped: 6} (heavily wounded)
The flame tongue hits Ijyb.
Ijyb appears unharmed.
Ijyb is heavily wounded.
Ijyb zaps a wand.
You are confused.
Ijyb zaps a wand.
You are more confused.
You bump into the rock wall.
Ijyb zaps a wand.
You easily resist.
You're too confused to move!
Ijyb screams, "Me very upset!"
Ijyb zaps a wand.
You easily resist.
Ijyb zaps a wand.
You easily resist.
You feel less confused.
Ijyb zaps a wand.
You easily resist.
Ijyb zaps a wand.
You are confused.
You bump into the rock wall.
Ijyb zaps a wand.
You easily resist.
You bump into the rock wall.
Ijyb hits you with an enchanted club!
You die...

####..# #......
#.##..###### #......
##.........## #......
##....>....#####.....#
###...####.........##
#..## ##......### ##.#
###...## #g# ##..# #@#
#.## # #.# #.# # #..#
#.# # #..# #.## ##
#..# #..####. #..#
#....... ##.##
#####..# #..# ####
#..# ##


You could see Ijyb.

Vanquished Creatures
  The ghost of nikopol the Magician, a novice DEFE (D:4)
  2 howler monkeys (D:4)
  3 orc wizards (D:3)
  Crazy Yiuf (D:3)
  7 adders
  A shadow imp (D:3)
  An ooze (D:4)
  A worm (D:2)
  2 dart slugs
  3 leopard geckos
  9 orcs
  6 ball pythons
  5 giant cockroaches
  7 goblins
  5 hobgoblins
  3 jackals (D:3)
  A quokka (D:2)
  3 bats
  9 frilled lizards
  6 kobolds
  A leopard gecko skeleton (D:4)
  A leopard gecko zombie (D:3)
  6 rats
  2 fungi (D:3)
86 creatures vanquished.

Notes
Turn   | Place    | Note
-------+----------+-------------------------------------------
     0 | D:1      | nikopol the Deep Elf Fire Elementalist began the quest for the Orb.
     0 | D:1      | Reached XP level 1. HP: 10/10 MP: 6/6
   625 | D:1      | Reached XP level 2. HP: 15/15 MP: 5/8
   629 | D:1      | Learned a level 2 spell: Throw Flame
   967 | D:2      | Found a sacrificial altar of Ru.
  1059 | D:2      | Reached XP level 3. HP: 19/19 MP: 5/10
  1102 | D:2      | Learned a level 3 spell: Conjure Flame
  1116 | D:2      | Found a shattered altar of Ashenzari.
  2481 | D:3      | Found an iron altar of Okawaru.
  2589 | D:3      | Reached XP level 4. HP: 24/24 MP: 6/12
  3297 | D:3      | Found a hazy altar of Hepliaklqana.
  3706 | D:3      | Reached XP level 5. HP: 27/28 MP: 2/13
  4248 | D:3      | Reached skill level 5 in Spellcasting
  4595 | D:3      | Found a runed door.
  4603 | D:3      | Noticed Crazy Yiuf
  4608 | D:3      | Killed Crazy Yiuf
  4716 | D:4      | Found a staircase to the Ecumenical Temple.
  4723 | Temple   | Entered the Ecumenical Temple
  4843 | D:4      | Found a hide-covered altar of Uskayaw.
  5106 | D:4      | Reached skill level 5 in Fire Magic
  5106 | D:4      | Reached XP level 6. HP: 32/32 MP: 8/15
  5107 | D:4      | Noticed nikopol's ghost (novice DEFE)
  5239 | D:4      | Killed nikopol's ghost
  5239 | D:4      | Reached XP level 7. HP: 10/36 MP: 0/17
  5513 | D:4      | Found a snail-covered altar of Cheibriados.
  5524 | D:4      | Learned a level 5 spell: Fireball
  5972 | D:4      | Noticed Ijyb
  6019 | D:4      | Slain by Ijyb

Vault maps used:
D:1:      dpeg_arrival_ternary, minmay_lizard_pond
D:2:      nicolae_ru_great_annihilating_truth, nicolae_ashenzari_panopticon,
          first_bread
D:3:      lemuel_coloured_pillars_altar, okawaru_gym_becter,
          serial_co_window_serial, co_window_of_opportunity_a,
          co_window_corner_a, co_window_paths_a, co_window_paths_b,
          co_window_paths_a, co_window_unsneaky_path_d, co_window_broadway_c,
          co_window_unsneaky_path_e, co_window_2corner, co_window_4corner_a,
          co_window_paths_e, glass_columns_a, glass_columns_c, glass_columns_b,
          st_stairs_3, uniq_crazy_yiuf_cottage
D:4:      old_standard_altar, kennysheep_slug_shrine, temple_statues, uniq_iyjb
Temple:   corrupted_temple

Skill      XL: |  1  2  3  4  5  6 |
---------------+-------------------+-----
Dodging        | 3 |  3.3
Spellcasting   | 4 5 |  5.9
Fire Magic     | 4 5 |  5.9
Conjurations   | 2 3 4 |  4.2
Stealth        | 3 |  3.3

Action                   |  1- 3 |  4- 6 |  7- 9 || total
-------------------------+-------+-------+-------++-------
Melee: Dagger            |       |   133 |       ||   133
 Cast: Flame Tongue      |    76 |    74 |     9 ||   159
       Conjure Flame     |     1 |     3 |     1 ||     5
       Throw Flame       |       |    32 |     5 ||    37
  Use: Scroll            |       |     2 |       ||     2
  Eat: Chunk             |     5 |     9 |     1 ||    15
Armor: Robe              |     6 |     2 |       ||     8
Dodge: Dodged            |    17 |    14 |     1 ||    32
